 Dungeon Crawl Stone Soup version 0.30-a0-782-ge64f9170bb (webtiles) character file.

Game seed: 10572720741100784922

216 HoaS the Shooter (level 5, -2/30 HPs)
             Began as a Gargoyle Hunter on Feb 19, 2023.
             Was a Follower of Zin.
             Slain by a raiju (3 damage)
             ... on level 1 of the Abyss.
             The game lasted 00:06:35 (2843 turns).

HoaS the Shooter (Gargoyle Hunter)                  Turns: 2843, Time: 00:06:36

Health: -2/30      AC: 12    Str: 14    XL:     5   Next: 93%
Magic:  6/6        EV: 12    Int: 10    God:    Zin [*.....]
Gold:   117        SH:  0    Dex: 21    Spells: 4/4 levels left

rFire   . . .      SeeInvis .    a - +0 shortbow
rCold   . . .      Faith    .    (shield currently unavailable)
rNeg    + . .      Spirit   .    c - +0 leather armour
rPois   ∞          Reflect  .    (no helmet)
rElec   +          Harm     .    f - +0 cloak
rCorr   .          Rampage  .    (no gloves)
Will    .....                    (no boots)
Stlth   ++                       (no amulet)
HPRegen 0.25/turn                h - +6 ring of dexterity
MPRegen 0.10/turn                e - +4 ring of protection

@: no status effects
A: sickness immunity, AC +4, negative energy resistance 1, electricity
resistance, torment resistance 1, petrification resistance
a: Renounce Religion, Recite, Donate Gold


You were on level 1 of the Abyss.
You worshipped Zin.
Zin was aware of your devotion.
You visited 1 branch of the dungeon, and saw 4 of its levels.
You visited the Abyss 1 time.

You collected 130 gold pieces.
You donated 13 gold pieces to Zin.

Inventory:

Hand Weapons
 a - a +0 shortbow (weapon)
Armour
 c - a +0 leather armour (worn)
 f - a +0 cloak (worn)
Jewellery
 e - a +4 ring of protection (right hand)
 h - a +6 ring of dexterity (left hand)
Scrolls
 b - a scroll of immolation
Potions
 d - a potion of flight {unknown}
 g - a potion of ambrosia {unknown}
 i - a potion of invisibility {unknown}
 j - 8 potions of curing {unknown}
 k - a potion of heal wounds {unknown}
 l - 3 potions of attraction {unknown}


   Skills:
 - Level 2.1 Fighting
 * Level 6.6 Ranged Weapons
 - Level 1.5 Dodging
 - Level 1.1 Stealth
 + Level 1.8 Invocations


You had 4 spell levels left.
You didn't know any spells.
Your spell library contained the following spells:

 Spells                   Type           Power      Damage    Failure   Level
 Kiss of Death            Conj/Necr      0%         2d5       43%         1
 Lesser Beckoning         Tloc           0%         N/A       58%         2
 Poisonous Vapours        Pois/Air       0%         N/A       58%         2
 Gell's Gravitas          Tloc           0%         N/A       82%         3
 Mephitic Cloud           Conj/Pois/Air  0%         N/A       82%         3
 Teleport Other           Tloc           0%         N/A       82%         3
 Animate Dead             Necr           0%         N/A       99%         4
 Summon Ice Beast         Ice/Summ       0%         N/A       99%         4
 Summon Mana Viper        Hex/Summ       0%         N/A       100%        5
 Dispersal                Tloc           0%         N/A       100%        6
 Monstrous Menagerie      Summ           0%         N/A       100%        7
 Cigotuvi's Dreadful Rot  Necr/Pois/Air  Unusable   N/A       N/A         2

Dungeon Overview and Level Annotations

Branches:
Dungeon (4/15)
 Temple: D:4-7

Altars:
Nemelex Xobeh
Vehumet
Zin


Innate Abilities, Weirdness & Mutations

You are immune to sickness and miasma.
Your stone body is resilient. (AC +4)
You are immune to poison.
You resist negative energy. (rN+)
You are resistant to electric shocks. (rElec)
You are resistant to unholy torment.
You are immune to petrification.


Message History

You shoot an arrow. The arrow closely misses the raiju.
The raiju bursts into living lightning!
The living lightning misses you.
The raiju blinks!
A raiju comes into view.
You shoot an arrow. The raiju barks!
The arrow hits the raiju!
The raiju is lightly wounded.
The raiju closely misses you. The raiju bites you but does no damage.
You shoot an arrow. The arrow hits the raiju.
The raiju is moderately wounded.
The raiju bites you but does no damage.
You shoot an arrow. The arrow hits the raiju.
The raiju is moderately wounded.
The raiju bursts into living lightning!
The living lightning hits you. You resist.
The living lightning misses the raiju.
The raiju blinks!
The raiju bites you. The raiju shocks you. You resist.
The raiju bursts into living lightning!
The living lightning hits you. You resist.
The living lightning hits the raiju.
The raiju completely resists.
The raiju blinks! x3
You shoot an arrow. The arrow completely misses the raiju.
The arrow misses the raiju.
The raiju bursts into living lightning!
The living lightning misses the raiju.
The living lightning hits you. You resist.
The living lightning misses the raiju.
The raiju blinks! x4
The raiju bites you. The raiju shocks you. You resist.
The raiju closely misses you.
You shoot an arrow.
The arrow hits the raiju but does no damage.
The raiju is moderately wounded.
The raiju bursts into living lightning!
The living lightning hits the raiju.
The raiju completely resists.
The living lightning hits you! You resist.
* * * LOW HITPOINT WARNING * * *
The living lightning hits the raiju.
The raiju completely resists.
The raiju blinks!
The raiju bites you but does no damage. The raiju bites you.
* * * LOW HITPOINT WARNING * * *
The raiju shocks you. You resist.
You die...

#. .. .# . # ##
#. #.#
.#..#.#####...#
#..............
..h...h@h§...§.
...##.####....#
# .#.


You could see 3 raiju.

Vanquished Creatures
  A scorpion (D:3)
  8 adders
  2 worms
  A dart slug (D:2)
  7 orcs
  3 bats
  5 endoplasms
  14 giant cockroaches
  A goblin (D:1)
  5 hobgoblins
  4 jackals
  3 quokkas
  4 ball pythons
  3 frilled lizards
  A kobold (D:4)
  2 rats
64 creatures vanquished.

Notes
Turn   | Place    | Note
-------+----------+-------------------------------------------
     0 | D:1      | HoaS the Gargoyle Hunter began the quest for the Orb.
     0 | D:1      | Reached XP level 1. HP: 12/12 MP: 1/1
   272 | D:1      | Reached XP level 2. HP: 17/17 MP: 2/2
   907 | D:2      | Reached skill level 5 in Ranged Weapons
   907 | D:2      | Reached XP level 3. HP: 21/21 MP: 3/3
  1000 | D:2      | Found a radiant altar of Vehumet.
  1573 | D:2      | Found a faded altar of an unknown god.
  1687 | D:3      | Reached XP level 4. HP: 26/26 MP: 4/4
  1875 | D:3      | Got Sekhemnoerph's Parchment of Cankerous Gloom
  2009 | D:3      | Found a glowing silver altar of Zin.
  2038 | D:3      | Found a sparkling altar of Nemelex Xobeh.
  2063 | D:3      | Became a worshipper of Zin the Law-Giver
  2104 | D:3      | Reached skill level 6 in Ranged Weapons
  2104 | D:3      | Reached * piety under Zin
  2166 | D:3      | Reached XP level 5. HP: 30/30 MP: 5/5
  2171 | D:3      | Reached skill level 1 in Invocations
  2828 | Abyss:1  | Cast into level 1 of the Abyss (orc priest)
  2835 | Abyss:1  | Noticed a raiju
  2836 | Abyss:1  | Noticed a raiju
  2838 | Abyss:1  | Noticed a raiju
  2843 | Abyss:1  | HP: 1/30 [raiju (5)]
  2843 | Abyss:1  | Slain by a raiju

Illustrated notes

Levels and vault maps discovered:
D:1:      lemuel_arrival_lava_pool, layout_loops_ring, minmay_misc_feat_square,
          serial_bayou_pond_d
D:2:      minmay_roachtagon, layout_loops_corners, basic_altar,
          shapermc_ecumenical_altar_petra
D:3:      layout_basic, mainiacjoe_overflow_catwalk_spiral, nicolae_half_adder
D:4:      layout_loops_ring, slow_altar_2
Abyss:1:  base:
D:4

Skill      XL: |  1  2  3  4  5 |
---------------+----------------+-----
Ranged Weapons | 5 6 |  6.6
Invocations    | 1 |  1.8
Fighting       | |  2.1
Dodging        | |  1.5
Stealth        | |  1.1

Action                     |  1- 3 |  4- 6 || total
---------------------------+-------+-------++-------
   Fire: Shortbow          |    78 |   115 ||   193
    Use: Scroll            |     4 |     3 ||     7
 Armour: Leather armour    |    21 |    38 ||    59
  Dodge: Dodged            |    35 |    34 ||    69

Table legend: (Time is in decaauts)
 A = Elapsed time spent in this place.
 B = Non-inter-level travel time spent in this place.
 C = Inter-level travel time spent in this place.
 D = Time resting spent in this place.
 E = Time spent auto-exploring this place.
 F = Levels seen in this place.
 G = Mean time per level.
                   A        B        C        D        E       F      G
               +--------+--------+--------+--------+--------+-----+--------+
         Total |   2896 |   2778 |    118 |    160 |   2209 |   5 |  579.2 |
       Dungeon |   2879 |   2761 |    118 |    153 |   2209 |   4 |  719.8 |
         Abyss |     16 |     16 |      0 |      7 |      0 |   1 |   16.0 |
               +--------+--------+--------+--------+--------+-----+--------+

Top non-repeatable levels by time:
     D:3: 1064 daAuts
     D:2: 880 daAuts
     D:1: 830 daAuts
     D:4: 104 daAuts
 Abyss:1: 16 daAuts
